 Dungeon Crawl Stone Soup version 0.31-a0-664-g902f515a81 (webtiles) character file.

Game seed: 7297795749165321398

77 demibob the Cudgeller (level 4, -1/35 HPs)
             Began as a Demonspawn Chaos Knight on Sept 2, 2023.
             Was a Plaything of Xom.
             Slain by an ogre
             ... wielding a +0 giant club
              (6 damage)
             ... on level 4 of the Dungeon.
             The game lasted 00:06:25 (1947 turns).

demibob the Cudgeller (Demonspawn Chaos Knight)     Turns: 1947, Time: 00:06:25

Health: -1/35      AC:  5    Str: 12      XL:     4   Next: 14%
Magic:  0/4        EV: 11    Int: 15      God:    Xom [..*...]
Gold:   115        SH:  0    Dex: 12 (13) Spells: 3/3 levels left

rFire   . . .        c - +0 mace (chaos)
rCold   . . .        (no shield)
rNeg    . . .        b - +2 leather armour
rPois   .            (helmet restricted)
rElec   .            i - scarf {+Inv}
rCorr   .            (no gloves)
SInv    .            (no boots)
Will    .....        d - amulet of guardian spirit
Stlth   +            (no ring)
HPRegen 0.25/turn    (no ring)
MPRegen 0.18/turn

%: guardian spirit
@: weak-willed
A: antennae 1, demonic guardian 1, magic regeneration
a: Renounce Religion, Evoke Invisibility


You were on level 4 of the Dungeon.
You worshipped Xom.
You were a toy of Xom.
You visited 1 branch of the dungeon, and saw 4 of its levels.

You collected 115 gold pieces.


Innate Abilities, Weirdness & Mutations

You have a pair of small antennae on your head.
A weak demonic guardian rushes to your aid.
You regenerate magic rapidly.


   Skills:
 - Level 3.0 Fighting
 - Level 3.8(3.9) Maces & Flails
 + Level 0.4(2.3) Staves
 - Level 1.7 Armour
 - Level 0.8 Dodging
 - Level 0.8 Unarmed Combat
 + Level 1.2 Poison Magic
 + Level 1.1 Evocations


You had 3 spell levels left.
You didn't know any spells.
Your spell library contained the following spells:

 Spells                   Type           Power      Damage    Failure   Level
 Animate Dead             Necr           0%         N/A       98%         4
 Borgnjor's Vile Clutch   Necr/Erth      0%         N/A       100%        5
 Death Channel            Necr           0%         N/A       100%        6

Inventory:

Hand Weapons
 c - a +0 mace of chaos (weapon)
Armour
 b - a +2 leather armour (worn)
 h - a +0 cloak
 i - a scarf of invisibility (worn)
Magical Staves
 a - a staff of poison {!a}
Jewellery
 d - an amulet of guardian spirit (around neck)
 F - a ring of protection from fire
 L - a ring of flight
Scrolls
 f - 2 scrolls of enchant armour
 j - a scroll of teleportation {@r2}
 k - a scroll of butterflies

Dungeon Overview and Level Annotations

Branches:
Dungeon (4/15)
 Temple: D:4-7

Altars:

Annotations:
D:3 Pargi

##.###...#
#.###...##
#........#
#####...##
##..#######
#.........
#.###.####
##O## #
##.@.##
#..<..#
#...5....#
#.........#
+............
#.........###
##.......##
##.....##
##...##


You could see an ogre (fast, petrifying, extremely poisoned, weak-willed, ally
target) and a friendly iron imp (summoned).


Message History

Xom smirks.
You detect items!
There is an open door here.
You are now empty-handed.
Your +0 mace of chaos is briefly surrounded by a scintillating aura of random colours.
c - a +0 mace of chaos (weapon)
You barely miss the ogre. The ogre hits you with a +0 giant club!
You hit the ogre.
The ogre seems to speed up.
The ogre is lightly wounded.
The ogre barely misses you.
You barely miss the ogre.
The ogre is lightly wounded.
The ogre hits you with a +0 giant club.
* * * LOW HITPOINT WARNING * * *
You hit the ogre.
The ogre is poisoned.
The ogre is moderately wounded.
The ogre hits you with a +0 giant club.
* * * LOW HITPOINT WARNING * * *
You hit the ogre.
The ogre looks as sick as possible!
The ogre is heavily wounded.
The ogre closely misses you.
You hit the ogre. You burn the ogre.
The ogre is almost dead.
The ogre hits you with a +0 giant club!
* * * LOW HITPOINT WARNING * * *
A demonic guardian appears!
The ogre misses you.
You hit the ogre but do no damage.
The ogre is moving more slowly.
The ogre is almost dead.
The ogre hits you with a +0 giant club!
You die...

Skill      XL: |  1  2  3 |
---------------+----------+-----
Maces & Flails | 3 |  3.8
Poison Magic   | 1 |  1.2
Evocations     | 1 |  1.1
Fighting       | |  3.0
Staves         | |  0.4
Armour         | |  1.7
Dodging        | |  0.8
Unarmed Combat | |  0.8

Action                     |  1- 3 |  4- 6 || total
---------------------------+-------+-------++-------
  Melee: Mace              |   171 |     8 ||   179
         Punch             |     1 |       ||     1
         Staff             |     7 |       ||     7
    Use: Scroll            |     6 |     1 ||     7
         Potion            |     4 |     1 ||     5
   Stab: Paralysed         |     5 |       ||     5
 Armour: Leather armour    |   192 |     6 ||   198
  Dodge: Dodged            |   169 |     3 ||   172

Levels and vault maps discovered:
D:1:      minmay_arrival_arboretum_small, layout_loops_ring
D:2:      layout_rooms, minmay_distorted
D:3:      layout_basic, portal_sewer_entry_d, bh_walls_and_bars, uniq_pargi
D:4:      layout_loops_corners, grunt_ministairs_12, minmay_misc_feat_ornament,
          lightli_corner_chamber

Notes
Turn   | Place    | Note
-------+----------+-------------------------------------------
     0 | D:1      | demibob the Demonspawn Chaos Knight began the quest for the
                  | Orb.
     0 | D:1      | Reached XP level 1. HP: 18/18 MP: 1/1
   148 | D:1      | Reached skill level 3 in Maces & Flails
   203 | D:1      | Gained mutation: A weak demonic guardian rushes to your
                  | aid. [demonic ancestry]
   203 | D:1      | Reached XP level 2. HP: 24/24 MP: 2/2
   217 | D:1      | XOM: silly message
   403 | D:1      | XOM: summons 2 hostile demons
   404 | D:1      | Noticed a crimson imp
   421 | D:1      | HP: 2/24 [quasit[Xom] (1)]
   897 | D:2      | Gained mutation: You regenerate magic rapidly. [demonic
                  | ancestry]
   897 | D:2      | Reached XP level 3. HP: 28/29 MP: 3/3
   948 | D:2      | XOM: 2-stop teleportation journey
  1056 | D:2      | a kobold changed into a shapeshifter
  1056 | D:2      | Noticed a shapeshifter (shapeshifter)
  1056 | D:2      | a shapeshifter changed into a culicivora
  1056 | D:2      | Noticed a culicivora (shapeshifter)
  1058 | D:2      | XOM: enchant monster (good)
  1078 | D:2      | XOM: potion effect (heal wounds)
  1078 | D:2      | a culicivora changed into a tarantella
  1078 | D:2      | Noticed a tarantella (shapeshifter)
  1081 | D:2      | XOM: cast spell 'Call Canine Familiar'
  1081 | D:2      | a tarantella changed into a shapeshifter
  1081 | D:2      | Noticed a shapeshifter (shapeshifter)
  1082 | D:2      | a shapeshifter changed into an entropy weaver
  1082 | D:2      | Noticed an entropy weaver (shapeshifter)
  1336 | D:3      | XOM: scenery: 1 doors open
  1377 | D:3      | Reached skill level 1 in Poison Magic
  1466 | D:3      | XOM: 7-stop teleportation journey
  1501 | D:3      | Noticed Pargi
  1536 | D:3      | XOM: confuse monster(s)
  1552 | D:2      | XOM: potion effect (brilliance)
  1553 | D:2      | XOM: potion effect (curing)
  1792 | D:3      | Reached skill level 1 in Evocations
  1822 | D:3      | Found a glowing drain.
  1826 | D:3      | Gained mutation: You have a pair of small antennae on your
                  | head. [demonic ancestry]
  1826 | D:3      | Reached XP level 4. HP: 20/35 MP: 4/4
  1922 | D:4      | Noticed an ogre
  1923 | D:4      | XOM: noise
  1927 | D:4      | XOM: divination: detect items
  1947 | D:4      | Slain by an ogre

Vanquished Creatures
  2 adders (D:3)
  A worm (D:3)
  3 orcs (D:3)
  2 bats
  4 endoplasms
  2 giant cockroaches (D:1)
  2 goblins
  7 hobgoblins
  6 jackals (D:2)
  6 quokkas
  4 ball pythons
  2 frilled lizards
  2 kobolds
  2 rats
45 creatures vanquished.

Vanquished Creatures (collateral kills)
  A giant cockroach (D:2)
  A rat (D:1)
2 creatures vanquished.

Grand Total: 47 creatures vanquished

Table legend: (Time is in decaauts)
 A = Elapsed time spent in this place.
 B = Non-inter-level travel time spent in this place.
 C = Inter-level travel time spent in this place.
 D = Time resting spent in this place.
 E = Time spent auto-exploring this place.
 F = Levels seen in this place.
 G = Mean time per level.
                   A        B        C        D        E       F      G
               +--------+--------+--------+--------+--------+-----+--------+
         Total |   1975 |   1931 |     44 |    129 |   1184 |   4 |  493.8 |
       Dungeon |   1975 |   1931 |     44 |    129 |   1184 |   4 |  493.8 |
               +--------+--------+--------+--------+--------+-----+--------+

Top non-repeatable levels by time:
     D:1: 925 daAuts
     D:3: 654 daAuts
     D:2: 349 daAuts
     D:4: 46 daAuts

Table legend:
 A = Non-vault XP
 B = Vault XP
 C = Vault XP percentage of total XP
 D = Non-vault monster count
 E = Vault monster count
 F = Vault count percentage of total count
                 A         B        C        D         E       F
            +---------+---------+-------+---------+---------+-------
      Total |      98 |      13 |  11.7 |      46 |       1 |   2.1
            +---------+---------+-------+---------+---------+-------
        D:1 |      31 |       0 |   0.0 |      18 |       0 |   0.0
        D:2 |      29 |       0 |   0.0 |      16 |       0 |   0.0
        D:3 |      36 |      13 |  26.5 |      11 |       1 |   8.3
        D:4 |       2 |       0 |   0.0 |       1 |       0 |   0.0
            +---------+---------+-------+---------+---------+-------
